 Dungeon Crawl Stone Soup version 0.28.0 (webtiles) character file.

Game seed: 13239129231283323763

264 AmazingTV the Sneak (level 5, -7/27 HPs)
             Began as a Spriggan Brigand on June 22, 2022.
             Mangled by a mummy (18 damage)
             ... in an ossuary.
             The game lasted 00:11:09 (3791 turns).

AmazingTV the Sneak (Spriggan Brigand)              Turns: 3791, Time: 00:11:09

Health: -7/27      AC:  3    Str:  9    XL:     5   Next: 98%
Magic:  6/6        EV: 18    Int: 12    God:
Gold:   105        SH:  0    Dex: 17    Spells: 4/4 levels left

rFire   . . .      SeeInvis +   b - +2 hand axe "Qiupuy" {flame, rElec Will+ SInv Stlth+}
rCold   . . .      Faith    .   (no shield)
rNeg    . . .      Spirit   .   n - +0 robe
rPois   .          Reflect  .   (helmet restricted)
rElec   +          Harm     .   c - +0 cloak
rCorr   +          Rampage  .   (gloves unavailable)
Will    +....                   (boots unavailable)
Stlth   +++++.....              (no amulet)
HPRegen 0.09/turn               u - ring of resist corrosion
MPRegen 0.10/turn               (no ring)

@: very quick
A: very small, no large weapons, unfitting armour, see invisible, speed 3
a: no special abilities


You were in an ossuary.
You visited 1 branch of the dungeon, and saw 4 of its levels.
You also visited: Ossuary.

You collected 105 gold pieces.

Inventory:

Hand Weapons
 a - a +2 dagger
 b - the +2 hand axe "Qiupuy" (weapon) {flame, rElec Will+ SInv Stlth+}
   (You found it on level 2 of the Dungeon)

   It burns those it strikes, dealing additional fire damage.
   Big, fiery blades are also staple armaments of hydra-hunters.
   rElec:     It insulates you from electricity.
   SInv:      It lets you see invisible.
   Will:      It increases your willpower.
   Stlth:     It makes you more stealthy.
 v - a +3 hand axe
Missiles
 d - 10 poisoned darts (quivered)
 e - 2 curare-tipped darts
 i - 45 bolts
 s - 17 arrows
Armour
 c - a +0 cloak (worn)
 n - a +0 robe (worn)
Jewellery
 o - a ring of wizardry
 u - a ring of resist corrosion (left hand)
Scrolls
 f - a scroll of immolation {unknown}
 h - a scroll of brand weapon {unknown}
 k - 3 scrolls of fog {unknown}
 m - 2 scrolls of teleportation {unknown}
 q - a scroll of magic mapping {unknown}
 t - a scroll of noise {unknown}
 x - a scroll of identify {unknown}
Potions
 g - a potion of degeneration {unknown}
 j - a potion of cancellation {unknown}
 l - a potion of lignification {unknown}
 p - a potion of haste {unknown}
 r - 2 potions of heal wounds {unknown}
 w - a potion of curing {unknown}


   Skills:
 + Level 2.6 Fighting
 + Level 3.6 Short Blades
 + Level 3.3 Throwing
 + Level 3.6 Dodging
 + Level 7.2 Stealth


You had 4 spell levels left.
You didn't know any spells.
Your spell library was empty.

Dungeon Overview and Level Annotations

Branches:
Dungeon (4/15)            Ossuary (1/1)
 Temple: D:4-7

Altars:


Innate Abilities, Weirdness & Mutations

You are very small and have problems with some larger weapons.
You are too small for most types of armour.
You have supernaturally acute eyesight. (SInv)
You cover ground extremely quickly. (Speed+++)


Message History

There is an open door here.
There is an open door here.
The mummy completely misses you.
You hit the mummy. You burn the mummy.
The mummy is moderately damaged.
You hit the mummy. You burn the mummy.
The mummy is moderately damaged.
The mummy hits you!!
Ouch! That really hurt!
You are too injured to fight recklessly!
You are too injured to fight recklessly!
There is an open door here.
Which direction?
You close the door.
There is an open door here.
You close the door.
There is an open door here.
You close the door.
There is an open door here.
You start resting.
A mummy opens the door.
You hit the mummy. You burn the mummy.
The mummy is moderately damaged.
You hit the mummy but do no damage.
The mummy is moderately damaged.
The mummy hits you!
Ouch! That really hurt!
You barely miss the mummy.
The mummy is moderately damaged.
The mummy barely misses you.
You hit the mummy. You burn the mummy.
The mummy is moderately damaged.
The mummy closely misses you.
You barely miss the mummy.
The mummy is moderately damaged.
You barely miss the mummy.
The mummy is moderately damaged.
The mummy hits you!!
Ouch! That really hurt!
You die...

##### #∩.∩#
##.## #'#
##.##
#####...###
#...M...'.##
#@..#..##
##+###..#
##.## #..#
##.## #..#
#.##
#++###+#
#...##.#


You could see a mummy.

Vanquished Creatures
  A sky beast (D:3)
  A bullfrog skeleton (D:3)
  4 mummies
  2 adders (D:3)
  A worm (D:2)
  2 dart slugs
  8 ball pythons
  8 endoplasms
  4 giant cockroaches
  5 hobgoblins
  4 jackals (D:4)
  12 bats
  A frilled lizard (D:1)
  3 goblins
  6 kobolds
  3 kobold skeletons (Ossuary)
  An orc skeleton (Ossuary)
  8 rats
74 creatures vanquished.

Notes
Turn   | Place    | Note
-------+----------+-------------------------------------------
     0 | D:1      | AmazingTV the Spriggan Brigand began the quest for the Orb.
     0 | D:1      | Reached XP level 1. HP: 10/10 MP: 2/2
    84 | D:1      | Reached skill level 6 in Stealth
   182 | D:1      | Reached XP level 2. HP: 15/15 MP: 3/3
   544 | D:1      | Found a faded altar of an unknown god.
  1094 | D:2      | Reached XP level 3. HP: 17/18 MP: 4/4
  1241 | D:2      | Identified the +2 hand axe "Qiupuy" {flame, rElec Will+
                  | SInv Stlth+}
  1911 | D:3      | Reached XP level 4. HP: 23/23 MP: 5/5
  2566 | D:3      | Noticed a sky beast
  2864 | D:3      | Killed a sky beast
  2865 | D:3      | Reached skill level 7 in Stealth
  2865 | D:3      | Reached XP level 5. HP: 23/27 MP: 6/6
  3276 | D:4      | Found a sand-covered staircase.
  3285 | Ossuary  | Entered an ossuary
  3791 | Ossuary  | Mangled by a mummy

Illustrated notes

Levels and vault maps discovered:
D:1:      giann_horns, layout_basic, ebering_ecumenical_altar_mist
D:2:      layout_rooms, kennysheep_nub, minmay_small_reverse_x
D:3:      layout_basic
D:4:      cheibrodos_pilgrimage, layout_cave_pools,
          minmay_temple_entry_nine_rooms, nicolae_ossuary_entry_giza,
          serial_shops, nicolae_shop_behind_doors
Ossuary:  ossuary_due_small_catacomb

Skill      XL: |  1  2  3  4 |
---------------+-------------+-----
Stealth        | 6 7 |  7.2
Dodging        | 2 3 |  3.6
Fighting       | 2 |  2.6
Short Blades   | 3 |  3.6
Throwing       | 3 |  3.3

Action                   |  1- 3 |  4- 6 || total
-------------------------+-------+-------++-------
Melee: Dagger            |   121 |    13 ||   134
       Punch             |     4 |     2 ||     6
       Hand axe          |    20 |    71 ||    91
Throw: Dart              |       |     5 ||     5
 Stab: Sleeping          |    17 |    11 ||    28
Armor: Robe              |    17 |     3 ||    20
Dodge: Dodged            |    95 |    61 ||   156
